 Dungeon Crawl Stone Soup version 0.22.1-7-g5c428e7 (webtiles) character file.

169 misha the Shield-Bearer (level 5, -8/47 HPs)
             Began as a Minotaur Fighter on Mar 1, 2019.
             Killed by divine providence
             ... invoked by an orc priest
              (11 damage)
             ... on level 4 of the Dungeon.
             The game lasted 00:07:26 (1799 turns).

misha the Shield-Bearer (Minotaur Fighter)          Turns: 1799, Time: 00:07:27

Health: -8/47      AC:  7    Str: 26    XL:     5   Next: 25%
Magic:  4/4        EV:  8    Int:  5    God:
Gold:   208        SH: 10    Dex: 10    Spells: 4/4 levels left

rFire    . . .     SeeInvis .   a - +0 flail
rCold    . . .     Gourm    .   c - +0 shield
rNeg     . . .     Faith    .   b - +0 scale mail
rPois    .         Spirit   .   (helmet restricted)
rElec    .         Reflect  .   (no cloak)
rCorr    +         Harm     .   (no gloves)
MR       .....                  (no boots)
Stlth    +.........             (no amulet)
HPRegen  0.15/turn              n - ring of stealth
MPRegen  0.09/turn              m - ring of resist corrosion

@: mighty
A: retaliatory headbutt, horns 2
a: no special abilities


You were on level 4 of the Dungeon.
You were not hungry.

You visited 1 branch of the dungeon, and saw 4 of its levels.

You collected 208 gold pieces.

Inventory:

Hand Weapons
 a - a +0 flail (weapon)
Armour
 b - a +0 scale mail (worn)
 c - a +0 shield (worn)
Jewellery
 i - an uncursed ring of wizardry
 m - a ring of resist corrosion (right hand)
 n - a ring of stealth (left hand)
Scrolls
 h - a scroll of amnesia
Potions
 d - a potion of might
 g - 2 potions of agility {unknown}
 j - a potion of lignification {unknown}
 k - a potion of berserk rage
 p - a potion of invisibility {unknown}
 q - a potion of flight {unknown}
Comestibles
 f - 7 rations


   Skills:
 + Level 4.5 Fighting
 + Level 3.9 Maces & Flails
 + Level 4.6 Armour
 + Level 0.9 Dodging
 + Level 4.9 Shields


You had 4 spell levels left.
You didn't know any spells.
Your spell library was empty.

Dungeon Overview and Level Annotations

Branches:
Dungeon (4/15)
 Temple: D:4-7

Altars:


Innate Abilities, Weirdness & Mutations

You reflexively headbutt those who attack you in melee.
You have a pair of horns on your head.


Message History

You are too injured to fight recklessly!
You are too injured to fight recklessly!
You are too injured to fight recklessly!
You are too injured to fight recklessly!
You are too injured to fight recklessly!
You are too injured to fight recklessly!
You are too injured to fight recklessly!
You are too injured to fight recklessly!
You are too injured to fight recklessly!
You are too injured to fight recklessly!
You are too injured to fight recklessly!
You sock the orc!
You kill the orc!
An orc comes into view. It is wielding a dagger.
You barely miss the orc. You block the orc's attack.
Your shield and scale mail prevent you from hitting the orc.
Your headbutt misses the orc. You block the orc's attack.
The orc priest invokes the aid of Beogh against you.
Beogh smites you!
You die...

....>.........,*##...,,,,,,,,*
....##........##...,,,,,,,,,,*
o...#....#..##...**,,,,,,,,,,*
.o..o.o..##.#..##**,,,,,,,,,,*
.....#.o.##.....# *,,,,,,,,,,*
.....#...####.#o##**,,,,,,,,**
.....#..o.o.o.#ow# **,,,,,,**
...w..w..#######o# **,*****
...........****#@# *,*
.............,*#.#* *,*
.............###..#***,*
..###..............##,,*
#.,,...#....#####....,**
,,*#....##..#*,,.....##
,,,,,,,,,,,,,,,**##...#
,,,,,,,,,,,,,..####.#<##
,,,,,,,,,,,,,....#..#..#


You could see an orc priest, a dart slug and 2 orcs.

Vanquished Creatures
  An orc priest (D:4)
  An iguana (D:2)
  4 adders
  9 orcs
  A ball python (D:1)
  8 bats
  7 giant cockroaches
  7 goblins
  9 hobgoblins
  3 jackals (D:1)
  9 frilled lizards
  3 kobolds (D:2)
  8 rats
70 creatures vanquished.

Notes
Turn   | Place    | Note
-------+----------+-------------------------------------------
     0 | D:1      | misha the Minotaur Fighter began the quest for the Orb.
     0 | D:1      | Reached XP level 1. HP: 19/19 MP: 0/0
     0 | D:1      | Noticed a large abomination
     0 | D:1      | Noticed a green draconian
     1 | D:1      | Noticed an ice dragon
     5 | D:1      | Noticed a large abomination
    18 | D:1      | Noticed a black draconian
    20 | D:1      | Noticed a golden dragon
    22 | D:1      | Noticed a tentacled monstrosity
    22 | D:1      | Noticed a white draconian
    24 | D:1      | Noticed a red draconian
    24 | D:1      | Noticed a yellow draconian
    26 | D:1      | Noticed a shadow dragon
    26 | D:1      | Noticed a large abomination
    26 | D:1      | Noticed an ice dragon
    30 | D:1      | Noticed a tentacled monstrosity
    30 | D:1      | Noticed an orb of fire
    99 | D:1      | Reached XP level 2. HP: 21/27 MP: 1/1
   475 | D:2      | Reached XP level 3. HP: 24/33 MP: 2/2
   741 | D:2      | Reached XP level 4. HP: 41/41 MP: 3/3
  1395 | D:3      | Found a faded altar of an unknown god.
  1788 | D:4      | Reached XP level 5. HP: 28/47 MP: 4/4
  1796 | D:4      | HP: 2/47 [orc priest/divine providence (11)]
  1799 | D:4      | Killed from afar by an orc priest

Skill      XL: |  1  2  3 |
---------------+----------+-----
Fighting       | 4 |  4.5
Armour         | 4 |  4.6
Maces & Flails | 3 |  3.9
Shields        | 4 |  4.9
Dodging        | |  0.9

Action                   |  1- 3 |  4- 6 || total
-------------------------+-------+-------++-------
Melee: Flail             |    94 |    69 ||   163
       Headbutt          |     8 |    10 ||    18
  Use: Scroll            |       |     5 ||     5
       Potion            |       |     2 ||     2
  Eat: Ration            |       |     1 ||     1
Armor: Scale mail        |    38 |    27 ||    65
Dodge: Dodged            |    35 |    18 ||    53
Block: Shield            |    59 |    37 ||    96
